 Dungeon Crawl Stone Soup version 0.25-a0-617-g20d90eb (webtiles) character file.

Game seed: 1199975600745650029, levelgen mode: deterministic

149 Faels the Vexing (level 5, -2/40 HPs)
             Began as a Gnoll Arcane Marksman on Mar 17, 2020.
             Slain by Purgy (4 damage)
             ... in a sewer.
             The game lasted 00:13:14 (2701 turns).

Faels the Vexing (Gnoll Arcane Marksman)            Turns: 2701, Time: 00:13:14

Health: -2/40      AC: 10    Str: 12    XL:     5   Next: 31%
Magic:  9/9        EV: 13    Int: 17    God:
Gold:   157        SH:  0    Dex: 19    Spells: 4/10 levels left

rFire    . . .     SeeInvis +   a - +0 shortbow
rCold    . . .     Gourm    .   (shield currently unavailable)
rNeg     . . .     Faith    .   g - +3 ring mail {rPois}
rPois    +         Spirit   .   c - +1 helmet
rElec    .         Reflect  .   (no cloak)
rCorr    .         Harm     .   (no gloves)
MR       .....                  (no boots)
Stlth    +.........             (no amulet)
HPRegen  0.13/turn              u - ring of see invisible
MPRegen  0.11/turn              y - +4 ring of dexterity

@: very slow
A: distributed training, fangs 1, strong nose
a: no special abilities


You were in a sewer.
You were hungry.

You visited 1 branch of the dungeon, and saw 3 of its levels.
You also visited: Sewer.

You collected 157 gold pieces.

Inventory:

Hand Weapons
 a - a +0 shortbow (weapon)
 z - a +1 dagger of speed
Missiles
 d - 47 arrows (quivered)
 n - 5 boomerangs
Armour
 c - a +1 helmet (worn)
 e - a +0 robe
 g - a +3 ring mail of poison resistance (worn)
 i - a +0 ring mail
 j - a +0 leather armour
 k - a cursed +0 ring mail
 w - a +0 helmet
Jewellery
 u - a ring of see invisible (left hand)
 y - a +4 ring of dexterity (right hand)
Scrolls
 h - 2 scrolls of immolation
 p - a scroll of identify
 q - a scroll of remove curse
Potions
 o - a potion of magic
Comestibles
 f - 6 rations
 r - 2 chunks of flesh


   Skills:
 + Level 2.9 Fighting
 + Level 1.4 Short Blades
 + Level 1.4 Long Blades
 + Level 1.4 Axes
 + Level 1.4 Maces & Flails
 + Level 1.4 Polearms
 + Level 1.4 Staves
 + Level 1.4 Slings
 + Level 4.7 Bows
 + Level 1.4 Crossbows
 + Level 1.4 Throwing
 + Level 1.4 Armour
 + Level 4.7 Dodging
 + Level 1.4 Stealth
 + Level 1.4 Shields
 + Level 1.4 Unarmed Combat
 + Level 3.1 Spellcasting
 + Level 1.1 Conjurations
 + Level 5.5 Hexes
 + Level 1.1 Charms
 + Level 1.1 Summonings
 + Level 1.1 Necromancy
 + Level 1.1 Translocations
 + Level 1.1 Transmutations
 + Level 1.1 Fire Magic
 + Level 1.1 Ice Magic
 + Level 1.1 Air Magic
 + Level 1.1 Earth Magic
 + Level 1.1 Poison Magic
 + Level 1.5 Invocations
 + Level 1.4 Evocations


You had 4 spell levels left.
You knew the following spells:

 Your Spells              Type           Power        Failure   Level  Hunger
a - Corona                Hex            ###....      4%          1    None
b - Slow                  Hex            ###.....     6%          2    ##.....
c - Portal Projectile     Hex/Tloc       ##....       28%         3    ###....

Your spell library contained the following spells:

 Spells                   Type           Power        Failure   Level  Hunger
 Inner Flame              Hex/Fire       ##......     28%         3    ###....
 Cause Fear               Hex            ###.......   36%         4    ####...
 Leda's Liquefaction      Hex/Erth       ##........   67%         4    ####...


Dungeon Overview and Level Annotations

Branches:
Dungeon (3/15)              Sewer (1/1)

Altars:
Gozag

Annotations:
Sewer Purgy


Innate Abilities, Weirdness & Mutations

Your experience applies equally to all skills.
You have very sharp teeth.
Your uncanny sense of smell can sniff out nearby items.


Message History

* * * LOW HITPOINT WARNING * * *
Purgy barely misses you. Purgy closely misses you.
Your magical contamination has completely faded away.
Okay, then.
Okay, then.
Okay, then.
Firing (i - inventory. (/) - cycle)
d - 49 arrows (quivered)
Press: ? - help, Shift-Dir - straight line, f/p - Purgy
Aim: Purgy (heavily wounded)
You shoot an arrow. The arrow closely misses Purgy.
Purgy barely misses you. Purgy claws you.
* * * LOW HITPOINT WARNING * * *
Purgy claws you but does no damage.
Firing (i - inventory. (/) - cycle)
d - 48 arrows (quivered)
Press: ? - help, Shift-Dir - straight line, f/p - Purgy
Aim: Purgy (heavily wounded)
You shoot an arrow. The arrow closely misses Purgy.
You hear a splash.
Purgy bites you.
You die...

## ∆∆∆ .≈≈≈ .# ∆ ∆ #.≈≈≈
## !≈( #≈≈≈≈≈ .# #≈#
#.≈≈≈≈≈ ≈## #≈# .≈≈≈≈≈≈
≈≈# #.# ###.≈≈≈≈≈≈ ≈≈##
#.# #.(≈≈≈≈≈≈≈ ≈≈≈# #≈#
#.T≈≈≈≈≈≈≈ ≈≈.#####.#
###@≈≈≈≈≈≈≈
≈≈≈≈.#.#.#####≈.≈≈≈≈≈≈≈≈
≈≈≈≈≈≈≈≈≈≈.#..≈≈≈≈≈≈≈≈≈≈
≈≈≈≈≈≈≈≈≈≈≈.≈≈≈≈≈≈≈≈≈≈≈#
≈≈≈≈≈≈≈≈≈≈≈≈≈≈≈≈≈≈≈≈≈≈≈#
≈≈≈≈≈≈≈≈≈≈≈≈≈≈≈≈≈≈≈≈≈≈≈#
≈≈≈≈≈≈≈≈≈≈≈≈≈≈≈≈≈≈≈≈≈≈##
≈≈≈≈≈≈≈≈≈≈≈≈≈≈≈≈≈≈≈≈###
≈≈≈≈≈≈≈≈≈≈≈≈≈≈≈≈≈≈≈##


You could see Purgy.

Vanquished Creatures
  An orc wizard (D:3)
  Robin (D:2)
  3 adders
  6 worms
  A dart slug (D:1)
  2 leopard geckos (D:3)
  7 orcs (D:3)
  5 bats
  2 giant cockroaches (D:3)
  9 goblins
  5 hobgoblins
  5 ball pythons
  7 frilled lizards
  4 kobolds (D:1)
  3 rats
61 creatures vanquished.

Notes
Turn   | Place    | Note
-------+----------+-------------------------------------------
     0 | D:1      | Faels the Gnoll Arcane Marksman began the quest for the
                  | Orb.
     0 | D:1      | Reached XP level 1. HP: 17/17 MP: 4/4
   345 | D:1      | Reached XP level 2. HP: 23/23 MP: 5/5
   803 | D:1      | Learned a level 2 spell: Slow
  1228 | D:2      | Reached XP level 3. HP: 28/28 MP: 7/7
  1511 | D:2      | Reached skill level 1 in Invocations
  1534 | D:2      | Noticed Robin
  1546 | D:2      | Killed Robin
  1546 | D:2      | Reached skill level 1 in Short Blades
  1546 | D:2      | Reached skill level 1 in Long Blades
  1546 | D:2      | Reached skill level 1 in Axes
  1546 | D:2      | Reached skill level 1 in Maces & Flails
  1546 | D:2      | Reached skill level 1 in Polearms
  1546 | D:2      | Reached skill level 1 in Staves
  1546 | D:2      | Reached skill level 1 in Slings
  1546 | D:2      | Reached skill level 1 in Crossbows
  1546 | D:2      | Reached skill level 1 in Throwing
  1546 | D:2      | Reached skill level 1 in Armour
  1546 | D:2      | Reached skill level 1 in Stealth
  1546 | D:2      | Reached skill level 1 in Shields
  1546 | D:2      | Reached skill level 1 in Unarmed Combat
  1546 | D:2      | Reached skill level 1 in Evocations
  1549 | D:2      | Reached XP level 4. HP: 33/34 MP: 4/8
  2064 | D:2      | Learned a level 3 spell: Portal Projectile
  2072 | D:3      | Found an opulent altar of Gozag.
  2107 | D:3      | Reached skill level 1 in Conjurations
  2107 | D:3      | Reached skill level 1 in Charms
  2107 | D:3      | Reached skill level 1 in Summonings
  2107 | D:3      | Reached skill level 1 in Necromancy
  2107 | D:3      | Reached skill level 1 in Translocations
  2107 | D:3      | Reached skill level 1 in Transmutations
  2107 | D:3      | Reached skill level 1 in Fire Magic
  2107 | D:3      | Reached skill level 1 in Ice Magic
  2107 | D:3      | Reached skill level 1 in Air Magic
  2107 | D:3      | Reached skill level 1 in Earth Magic
  2107 | D:3      | Reached skill level 1 in Poison Magic
  2234 | D:3      | Reached XP level 5. HP: 35/40 MP: 9/9
  2482 | D:3      | Found a glowing drain.
  2519 | Sewer    | Entered a sewer
  2639 | Sewer    | Noticed Purgy
  2699 | Sewer    | HP: 2/40 [Purgy (3)]
  2701 | Sewer    | Slain by Purgy

Levels and vault maps discovered:
D:1:      psy_arrival_spokes, layout_basic
D:2:      layout_basic, uniq_robin
D:3:      layout_rooms, portal_sewer_entry_f, dk_vineyard_3,
          serial_bayou_lagoon_a, chequers_serial_rivers_small_3,
          nicolae_gozag_seed_capital
Sewer:    sewer_co_purgy_island

Skill      XL: |  1  2  3  4 |
---------------+-------------+-----
Invocations    | 1 |  1.5
Short Blades   | 1 |  1.4
Long Blades    | 1 |  1.4
Axes           | 1 |  1.4
Maces & Flails | 1 |  1.4
Polearms       | 1 |  1.4
Staves         | 1 |  1.4
Slings         | 1 |  1.4
Crossbows      | 1 |  1.4
Throwing       | 1 |  1.4
Armour         | 1 |  1.4
Stealth        | 1 |  1.4
Shields        | 1 |  1.4
Unarmed Combat | 1 |  1.4
Evocations     | 1 |  1.4
Spellcasting   | 3 |  3.1
Conjurations   | 1 |  1.1
Charms         | 1 |  1.1
Summonings     | 1 |  1.1
Necromancy     | 1 |  1.1
Translocations | 1 |  1.1
Transmutations | 1 |  1.1
Fire Magic     | 1 |  1.1
Ice Magic      | 1 |  1.1
Air Magic      | 1 |  1.1
Earth Magic    | 1 |  1.1
Poison Magic   | 1 |  1.1
Fighting       | |  2.9
Bows           | |  4.7
Dodging        | |  4.7
Hexes          | |  5.5

Action                   |  1- 3 |  4- 6 || total
-------------------------+-------+-------++-------
Melee: Dagger            |    43 |    95 ||   138
       Bite              |     1 |    14 ||    15
 Fire: Shortbow          |    76 |    78 ||   154
 Cast: Corona            |     2 |     1 ||     3
       Slow              |     1 |     1 ||     2
  Use: Scroll            |     6 |     8 ||    14
       Potion            |       |     3 ||     3
  Eat: Chunk             |     2 |     3 ||     5
Armor: Ring mail         |    12 |    51 ||    63
       Leather armour    |       |    17 ||    17
Dodge: Dodged            |    39 |   115 ||   154

Table legend:
 A = Non-vault XP
 B = Vault XP
 C = Vault XP percentage of total XP
 D = Non-vault monster count
 E = Vault monster count
 F = Vault count percentage of total count
                 A         B        C        D         E       F
            +---------+---------+-------+---------+---------+-------
      Total |     166 |      47 |  22.1 |      43 |      18 |  29.5
            +---------+---------+-------+---------+---------+-------
        D:1 |      26 |       0 |   0.0 |      15 |       0 |   0.0
        D:2 |      50 |      27 |  35.1 |      11 |       7 |  38.9
        D:3 |      90 |      10 |  10.0 |      17 |       4 |  19.0
      Sewer |       0 |      10 | 100.0 |       0 |       7 | 100.0
            +---------+---------+-------+---------+---------+-------
